HSSL
OTSEGO HS BULLDOGS @ DUBLIN JEROME HS CELTICS
04/02/2023
 
TOP OF THE 1ST
Otsego HS Bulldogs batting - Pitching for Dublin Jerome HS Celtics : RHP Howard Reynolds
Pitching: RHP Howard Reynolds
Batting: RHB Carl O'Dell 0-0: SINGLE (Groundball, 6MD)
Batting: RHB J.T. Paull 0-0: Called Strike
0-1: Ground out 4-3 (Groundball, 4M)
Carl O'Dell to second
Batting: LHB Ken Nelson 0-0: Ball
1-0: Ball
2-0: Called Strike
2-1: Reached on error, E5 (Groundball, 5S)
Carl O'Dell to third
Batting: LHB Tom Hall 0-0: Ball
1-0: Called Strike
1-1: Ball
2-1: Ball
3-1: Base on Balls
Ken Nelson to second
Batting: RHB Dave Marshall 0-0: Ball
1-0: Ball
2-0: Ball
3-0: Base on Balls
Carl O'Dell scores
Ken Nelson to third
Tom Hall to second
Batting: LHB Peter Puckett 0-0: Called Strike
0-1: Fly out, F4 (Popup, 4MD)
Batting: LHB Carl Hayden 0-0: Called Strike
0-1: Foul Ball, location: 2F
0-2: Ball
1-2: Ball
2-2: Strikes out swinging
Top of the 1st over - 1 run(s), 1 hit(s), 1 error(s), 3 left on base; Otsego HS 1 - Dublin Jerome HS 0
BOTTOM OF THE 1ST
Dublin Jerome HS Celtics batting - Pitching for Otsego HS Bulldogs : LHP David Vance
Pitching: LHP David Vance
Batting: RHB Chris Boone 0-0: Ball
1-0: SINGLE (Flyball, 7LS)
Batting: LHB Bill Bryan 0-0: Called Strike
0-1: Fly out, F7 (Line Drive, 7S)
Batting: SHB Nick Cox 0-0: Called Strike
0-1: Foul Ball, location: 2F
0-2: Ball
1-2: Ball
Chris Boone steals 2nd base
2-2: Foul Ball, location: 2F
2-2: Ball
3-2: SINGLE (Flyball, 78S)
Chris Boone to third
Runner from 3rd tries for Home, SAFE, no throw or cutoff
Batting: RHB Dylan Warren 0-0: Called Strike
0-1: Called Strike
0-2: Strikes out looking
Batting: RHB Luis Árias 0-0: Ball
Wild Pitch!
Nick Cox to second
1-0: Ball
2-0: Called Strike
2-1: Ball
3-1: Base on Balls
Batting: RHB Mitchell Darragh 0-0: Swinging Strike
0-1: Ground out 1-3 (Groundball, 25)
Bottom of the 1st over - 1 run(s), 2 hit(s), 0 error(s), 2 left on base; Otsego HS 1 - Dublin Jerome HS 1
TOP OF THE 2ND
Otsego HS Bulldogs batting - Pitching for Dublin Jerome HS Celtics : RHP Howard Reynolds
Batting: RHB Daniel Dillard 0-0: SOLO HOME RUN (Flyball, 78XD), Distance : 413 ft
Batting: RHB Jorge López 0-0: Foul Ball, location: 2F
0-1: Foul Ball, location: 2F
0-2: Strikes out swinging
Batting: RHB Carl O'Dell 0-0: Ball
1-0: Ball
2-0: Foul Ball, location: 2F
2-1: Foul Ball, location: 2F
2-2: SINGLE (Line Drive, 7S)
Batting: RHB J.T. Paull 0-0: Ball
1-0: SINGLE (Line Drive, 34)
Carl O'Dell to second
Batting: LHB Ken Nelson 0-0: Called Strike
0-1: Called Strike
0-2: Ball
1-2: Strikes out swinging
Batting: LHB Tom Hall 0-0: Fly out, F7 (Line Drive, 78S)
Top of the 2nd over - 1 run(s), 3 hit(s), 0 error(s), 2 left on base; Otsego HS 2 - Dublin Jerome HS 1
BOTTOM OF THE 2ND
Dublin Jerome HS Celtics batting - Pitching for Otsego HS Bulldogs : LHP David Vance
Batting: RHB Warren Owens 0-0: Ball
1-0: Called Strike
1-1: Foul Ball, location: 2F
1-2: Strikes out swinging
Batting: LHB Ángel Santos 0-0: Foul Ball, location: 2F
0-1: Ball
1-1: Ball
2-1: Ball
3-1: Base on Balls
Batting: SHB Mac Jones 0-0: Called Strike
0-1: Ball
1-1: Ball
2-1: Ball
3-1: Foul Ball, location: 2F
3-2: Foul Ball, location: 2F
3-2: Grounds into double play, 6-4-3 (Groundball, 6)
Bottom of the 2nd over - 0 run(s), 0 hit(s), 0 error(s), 0 left on base; Otsego HS 2 - Dublin Jerome HS 1
TOP OF THE 3RD
Otsego HS Bulldogs batting - Pitching for Dublin Jerome HS Celtics : RHP Howard Reynolds
Batting: RHB Dave Marshall 0-0: Ball
1-0: Foul Ball, location: 2F
1-1: Ball
2-1: Foul Ball, location: 2F
2-2: Foul Ball, location: 2F
2-2: Ball
3-2: Foul Ball, location: 2F
3-2: Base on Balls
Batting: LHB Peter Puckett 0-0: Swinging Strike
0-1: Swinging Strike
0-2: Grounds out, U3 (Groundball, 3L)
Batting: LHB Carl Hayden 0-0: Ball
1-0: Ball
2-0: Called Strike
2-1: Ball
3-1: Base on Balls
Batting: RHB Daniel Dillard 0-0: Ball
1-0: Called Strike
1-1: Foul Ball, location: 2F
1-2: Foul Ball, location: 2F
1-2: Ball
2-2: Strikes out looking
Batting: RHB Jorge López 0-0: Swinging Strike
0-1: Ball
1-1: Ball
2-1: Ball
3-1: Foul Ball, location: 2F
3-2: Strikes out looking
Top of the 3rd over - 0 run(s), 0 hit(s), 0 error(s), 2 left on base; Otsego HS 2 - Dublin Jerome HS 1
BOTTOM OF THE 3RD
Dublin Jerome HS Celtics batting - Pitching for Otsego HS Bulldogs : LHP David Vance
Batting: RHB Chris Boone 0-0: Foul Ball, location: 2F
0-1: Ball
1-1: Swinging Strike
1-2: Ball
2-2: Fly out, F8 (Flyball, 8RM)
Batting: LHB Bill Bryan 0-0: SINGLE (Groundball, 56)
Batting: SHB Nick Cox 0-0: Ball
Throwing error on steal attempt, E2
Bill Bryan to third
1-0: Ball
2-0: Called Strike
2-1: Swinging Strike
2-2: Strikes out looking
Batting: RHB Dylan Warren 0-0: Fly out, F9 (Flyball, 89M)
Bottom of the 3rd over - 0 run(s), 1 hit(s), 1 error(s), 1 left on base; Otsego HS 2 - Dublin Jerome HS 1
TOP OF THE 4TH
Otsego HS Bulldogs batting - Pitching for Dublin Jerome HS Celtics : RHP Howard Reynolds
Batting: RHB Carl O'Dell 0-0: Ball
1-0: Called Strike
1-1: Ball
2-1: Swinging Strike
2-2: Ball
3-2: Base on Balls
Batting: RHB J.T. Paull 0-0: Called Strike
0-1: Ball
1-1: Ball
Wild Pitch!
Carl O'Dell to second
2-1: Called Strike
2-2: Ball
3-2: DOUBLE (Line Drive, 7LS)
Carl O'Dell scores
Batting: LHB Ken Nelson 0-0: Foul Ball, location: 2F
0-1: Ball
1-1: Swinging Strike
1-2: Ball
2-2: Foul Ball, location: 2F
2-2: SINGLE (Flyball, 8LS)
J.T. Paull to third
Pitching: RHP Miguel Muńóz
Batting: LHB Tom Hall 0-0: Ball
1-0: Foul Ball, location: 2F
1-1: Ball
2-1: Ball
3-1: Base on Balls
Ken Nelson to second
Batting: RHB Dave Marshall 0-0: Ball
1-0: Swinging Strike
1-1: SINGLE (Line Drive, 8LS)
J.T. Paull scores
Ken Nelson to third
Tom Hall to second
Runner from 3rd tries for Home, SAFE, throw made home
Batting: LHB Peter Puckett 0-0: Called Strike
0-1: Swinging Strike
0-2: Ball
1-2: Foul Ball, location: 2F
1-2: Foul Ball, location: 2F
1-2: Ball
2-2: Strikes out swinging
Batting: LHB Carl Hayden 0-0: Ball
1-0: Swinging Strike
1-1: Ball
2-1: Fly out, F5 (Popup, 5SF)
Batting: RHB Daniel Dillard 0-0: Foul Ball, location: 2F
0-1: Swinging Strike
0-2: Ball
1-2: Ball
2-2: SINGLE (Groundball, 56)
Tom Hall to third
Dave Marshall to second
Runner from 3rd tries for Home, SAFE, no throw or cutoff
Batting: RHB Jorge López 0-0: Called Strike
0-1: Ball
1-1: Ball
2-1: Ball
3-1: Base on Balls
Dave Marshall to third
Daniel Dillard to second
Batting: RHB Carl O'Dell 0-0: Called Strike
0-1: Ball
1-1: Fly out, F3 (Popup, 3SF)
Top of the 4th over - 4 run(s), 4 hit(s), 0 error(s), 3 left on base; Otsego HS 6 - Dublin Jerome HS 1
BOTTOM OF THE 4TH
Dublin Jerome HS Celtics batting - Pitching for Otsego HS Bulldogs : LHP David Vance
Batting: RHB Luis Árias 0-0: Swinging Strike
0-1: Ball
1-1: Called Strike
1-2: Strikes out swinging
Batting: RHB Mitchell Darragh 0-0: Ball
1-0: Called Strike
1-1: Ball
2-1: Foul Ball, location: 2F
2-2: Foul Ball, location: 2F
2-2: Fly out, F3 (Popup, 3F)
Batting: RHB Warren Owens 0-0: Called Strike
0-1: Ground out 4-3 (Groundball, 4)
Bottom of the 4th over - 0 run(s), 0 hit(s), 0 error(s), 0 left on base; Otsego HS 6 - Dublin Jerome HS 1
TOP OF THE 5TH
Otsego HS Bulldogs batting - Pitching for Dublin Jerome HS Celtics : RHP Miguel Muńóz
Batting: RHB J.T. Paull 0-0: Foul Ball, location: 2F
0-1: Ball
1-1: Fly out, F9 (Flyball, 9M)
Batting: LHB Ken Nelson 0-0: Called Strike
0-1: Foul Ball, location: 2F
0-2: Ball
1-2: Ball
2-2: Foul Ball, location: 2F
2-2: Strikes out swinging
Batting: LHB Tom Hall 0-0: Foul Ball, location: 2F
0-1: Ball
1-1: Ball
2-1: Ground out U3 (Groundball, 3S)
Top of the 5th over - 0 run(s), 0 hit(s), 0 error(s), 0 left on base; Otsego HS 6 - Dublin Jerome HS 1
BOTTOM OF THE 5TH
Dublin Jerome HS Celtics batting - Pitching for Otsego HS Bulldogs : LHP David Vance
Batting: LHB Ángel Santos 0-0: Ball
1-0: Called Strike
1-1: Ball
2-1: Foul Ball, location: 2F
2-2: Strikes out swinging
Batting: SHB Mac Jones 0-0: Called Strike
0-1: Ball
1-1: Called Strike
1-2: Ball
2-2: Foul Ball, location: 2F
2-2: Fly out, F7 (Flyball, 78M)
Batting: RHB Chris Boone 0-0: Ball
1-0: SINGLE (Groundball, 56D)
Batting: LHB Bill Bryan 0-0: Swinging Strike
0-1: Called Strike
0-2: Foul Ball, location: 2F
0-2: Ball
1-2: Ball
2-2: Fly out, F9 (Flyball, 9M)
Bottom of the 5th over - 0 run(s), 1 hit(s), 0 error(s), 1 left on base; Otsego HS 6 - Dublin Jerome HS 1
TOP OF THE 6TH
Otsego HS Bulldogs batting - Pitching for Dublin Jerome HS Celtics : RHP Miguel Muńóz
Batting: RHB Dave Marshall 0-0: Foul Ball, location: 2F
0-1: Ball
1-1: Ball
2-1: DOUBLE (Line Drive, 78M)
Pitching: LHP Curt Mitchell
Batting: LHB Peter Puckett 0-0: Ball
1-0: Swinging Strike
1-1: Foul Ball, location: 2F
1-2: Ball
2-2: Foul Ball, location: 2F
2-2: Strikes out swinging
Batting: LHB Carl Hayden 0-0: Swinging Strike
0-1: Ball
1-1: Fly out, F7 (Line Drive, 7LM)
Batting: RHB Daniel Dillard 0-0: Foul Ball, location: 2F
0-1: Foul Ball, location: 2F
0-2: Foul Ball, location: 2F
0-2: Ball
1-2: Ball
2-2: Strikes out swinging
Top of the 6th over - 0 run(s), 1 hit(s), 0 error(s), 1 left on base; Otsego HS 6 - Dublin Jerome HS 1
BOTTOM OF THE 6TH
Dublin Jerome HS Celtics batting - Pitching for Otsego HS Bulldogs : LHP David Vance
Pitching: RHP Chris Keats
Batting: SHB Nick Cox 0-0: Ball
1-0: Ball
2-0: Called Strike
2-1: Foul Ball, location: 2F
2-2: Ball
3-2: Base on Balls
Batting: RHB Dylan Warren 0-0: Called Strike
Nick Cox steals 2nd base
0-1: Ball
1-1: Ball
2-1: SINGLE (Groundball, 25) (infield hit)
Nick Cox to third
Batting: RHB Luis Árias 0-0: Called Strike
0-1: Grounds into double play, 1-6-3 (Groundball, 13S)
Batting: RHB Mitchell Darragh 0-0: Ball
1-0: Foul Ball, location: 2F
1-1: Foul Ball, location: 2F
1-2: Strikes out looking
Bottom of the 6th over - 0 run(s), 1 hit(s), 0 error(s), 1 left on base; Otsego HS 6 - Dublin Jerome HS 1
TOP OF THE 7TH
Otsego HS Bulldogs batting - Pitching for Dublin Jerome HS Celtics : LHP Curt Mitchell
Batting: RHB Jorge López 0-0: Called Strike
0-1: Ground out 4-3 (Groundball, 34)
Batting: RHB Carl O'Dell 0-0: SINGLE (Groundball, 15S) (infield hit)
Batting: RHB J.T. Paull 0-0: Called Strike
0-1: Ball
Passed Ball!
Carl O'Dell to second
1-1: Called Strike
1-2: Fly out, F6 (Popup, 6)
Batting: LHB Ken Nelson 0-0: Ball
1-0: Ball
2-0: Fly out, F7 (Flyball, 7M)
Top of the 7th over - 0 run(s), 1 hit(s), 0 error(s), 1 left on base; Otsego HS 6 - Dublin Jerome HS 1
BOTTOM OF THE 7TH
Dublin Jerome HS Celtics batting - Pitching for Otsego HS Bulldogs : RHP Chris Keats
Batting: RHB Warren Owens 0-0: Called Strike
0-1: Ball
1-1: Ball
2-1: Ball
3-1: Base on Balls
Batting: LHB Ángel Santos 0-0: Foul Ball, location: 2F
0-1: DOUBLE (Line Drive, 89M)
Warren Owens to third
Pinch Runner at 2nd Wilbert Bernard:
Batting: SHB Mac Jones 0-0: Ball
1-0: Ball
2-0: Called Strike
2-1: Ball
3-1: Base on Balls
Batting: RHB Chris Boone 0-0: SINGLE (Groundball, 34D)
Warren Owens scores
Wilbert Bernard to third
Mac Jones to second
Batting: LHB Bill Bryan 0-0: Ball
1-0: Ball
Wild Pitch!
Wilbert Bernard scores
Mac Jones to third
Chris Boone to second
2-0: Ball
3-0: Base on Balls
Batting: SHB Nick Cox 0-0: Foul Ball, location: 2F
0-1: Ball
1-1: Ball
2-1: Ball
3-1: Swinging Strike
3-2: Base on Balls
Mac Jones scores
Chris Boone to third
Bill Bryan to second
Pitching: RHP Errol Murphy
Batting: RHB Dylan Warren 0-0: Ball
Wild Pitch!
Chris Boone scores
Bill Bryan to third
Nick Cox to second
1-0: Foul Ball, location: 2F
1-1: Foul Ball, location: 2F
1-2: Ball
2-2: Strikes out swinging
Pinch Hitting: LHB Patrick Ferguson 0-0: SINGLE (Groundball, 34D)
Bill Bryan scores
Nick Cox to third
Batting: RHB Mitchell Darragh 0-0: Foul Ball, location: 2F
0-1: Ball
1-1: Ball
2-1: SINGLE (Line Drive, 78S)
Nick Cox scores
Patrick Ferguson to second
Batting: RHB Warren Owens 0-0: Called Strike
0-1: Ball
1-1: Ball
2-1: Foul Ball, location: 2F
2-2: Ball
3-2: Strikes out looking
Batting: RHB Wilbert Bernard 0-0: Called Strike
0-1: Ball
1-1: Foul Ball, location: 2F
1-2: Foul Ball, location: 2F
1-2: Ground out 1-3 (Groundball, 13)
Bottom of the 7th over - 6 run(s), 4 hit(s), 0 error(s), 2 left on base; Otsego HS 6 - Dublin Jerome HS 7
TOP OF THE 8TH
Otsego HS Bulldogs batting - Pitching for Dublin Jerome HS Celtics : LHP Curt Mitchell
Pitching: LHP Alan Stewart
Now at 3B: Wilbert Bernard
Now in RF: Tim Mullen
Batting: LHB Tom Hall 0-0: Called Strike
0-1: Swinging Strike
0-2: Ball
1-2: Ground out 3-1 (Groundball, 34)
Pitching: RHP Roger Coulombe
Batting: RHB Dave Marshall 0-0: Ball
1-0: Foul Ball, location: 2F
1-1: Called Strike
1-2: Foul Ball, location: 2F
1-2: Ball
2-2: Fly out, F7 (Flyball, 7M)
Pitching: LHP Jeffery Mitchell
Batting: LHB Peter Puckett 0-0: Called Strike
0-1: Ball
1-1: Foul Ball, location: 2F
1-2: Foul Ball, location: 2F
1-2: Ball
2-2: SINGLE (Line Drive, 9S)
Pinch Hitting: RHB Jesús Ramírez 0-0: Called Strike
0-1: Ball
1-1: Fly out, F9 (Flyball, 9LM)
Top of the 8th over - 0 run(s), 1 hit(s), 0 error(s), 1 left on base; Otsego HS 6 - Dublin Jerome HS 7
BOTTOM OF THE 8TH
Dublin Jerome HS Celtics batting - Pitching for Otsego HS Bulldogs : RHP Errol Murphy
Now at 1B: Jesús Ramírez
Batting: SHB Mac Jones 0-0: Ball
1-0: Hit by Pitch
Batting: RHB Chris Boone 0-0: Ball
1-0: Sac Bunt - play at second, runner OUT! 1-6
Batting: LHB Bill Bryan 0-0: Ball
Chris Boone is caught stealing 2nd base
1-0: SINGLE (Line Drive, 7S)
Batting: SHB Nick Cox 0-0: Ball
1-0: Called Strike
1-1: Called Strike
1-2: Ball
2-2: SINGLE (Groundball, 4M)
Bill Bryan to second
Runner from 2nd tries for 3rd, SAFE, no throw or cutoff
Batting: RHB Dylan Warren 0-0: Ball
1-0: Called Strike
1-1: Foul Ball, location: 2F
1-2: Fly out, F8 (Flyball, 8RM)
Bottom of the 8th over - 0 run(s), 2 hit(s), 0 error(s), 2 left on base; Otsego HS 6 - Dublin Jerome HS 7
TOP OF THE 9TH
Otsego HS Bulldogs batting - Pitching for Dublin Jerome HS Celtics : LHP Jeffery Mitchell
Pitching: RHP Desi Morris
Batting: RHB Daniel Dillard 0-0: Called Strike
0-1: Ball
1-1: Called Strike
1-2: Strikes out swinging
Batting: RHB Jorge López 0-0: Ball
1-0: Ball
2-0: Called Strike
2-1: Ball
3-1: Called Strike
3-2: Foul Ball, location: 2F
3-2: Foul Ball, location: 2F
3-2: Ground out 4-3 (Groundball, 34)
Batting: RHB Carl O'Dell 0-0: Ball
1-0: Ball
2-0: Called Strike
2-1: Foul Ball, location: 2F
2-2: Ball
3-2: Foul Ball, location: 2F
3-2: Strikes out swinging
Top of the 9th over - 0 run(s), 0 hit(s), 0 error(s), 0 left on base; Otsego HS 6 - Dublin Jerome HS 7
This league is powered by Out of the Park Baseball, the baseball management simulation game for PC, Mac and Linux
Wednesday, December 2nd, 2015 - OOTP Baseball 16.8 Build 38